| TOP OF THE 1ST |
|
Pulaski Yankees batting - Pitching for Greeneville Astros : RHP Devin Spears
|
|
Pitching: RHP Devin Spears
|
|
|
Batting: RHB Bobby Melillo
|
0-0: Ball 1-0: Foul Ball, location: 2F 1-1: Ball 2-1: Ball 3-1: Base on Balls
|
|
Batting: LHB Dan Morris
|
0-0: Ball Bobby Melillo is caught stealing 2nd base 2-6 1-0: Ball 2-0: Ball 3-0: Base on Balls
|
|
Batting: LHB Joel Vera
|
0-0: Ball Dan Morris steals 2nd base 1-0: Ball 2-0: Ball 3-0: Base on Balls
|
|
Batting: RHB Mike Gifford
|
0-0: Called Strike 0-1: Ball 1-1: Ball 2-1: Foul Ball, location: 2F 2-2: DOUBLE (Line Drive, 89XD, EV 100.0 MPH) Dan Morris scores Joel Vera to third Runner from 3rd tries for Home, SAFE, throw by RF to trailing runner, SAFE at third!
|
|
Pitching: LHP Mark Sanders
|
|
|
Batting: RHB Seth Rutz
|
0-0: Fly out, F7 (Line Drive, 7, EV 91.2 MPH) Runner from 3rd tags up, SCORES, throw by LF
|
|
Batting: SHB Victor Ruiz
|
0-0: SINGLE (Flyball, 89M, EV 90.6 MPH)
|
|
Batting: SHB Joe Fure
|
0-0: Ball 1-0: Called Strike 1-1: Ball 2-1: Ball 3-1: Base on Balls Victor Ruiz to second
|
|
Batting: RHB Johannes Gutermuth
|
0-0: Ball 1-0: Fly out, F4 (Popup, 34D, EV 60.0 MPH)
|
| Top of the 1st over - 3 runs, 2 hits, 0 errors, 2 left on base; Pulaski 3 - Greeneville 0 |
| BOTTOM OF THE 1ST |
|
Greeneville Astros batting - Pitching for Pulaski Yankees : RHP Eric Aguilar
|
|
Pitching: RHP Eric Aguilar
|
|
|
Batting: RHB Jason Monico
|
0-0: Ball 1-0: Swinging Strike 1-1: SINGLE (Groundball, 6MD, EV 101.2 MPH)
|
|
Batting: RHB Bruce Bermudez
|
0-0: Called Strike 0-1: Ball 1-1: SINGLE (Flyball, 89S, EV 96.9 MPH) Jason Monico to second Runner from 2nd tries for 3rd, SAFE, throw by RF made to third
|
|
Batting: RHB Ryan Salas
|
0-0: Called Strike 0-1: Foul Ball, location: 2F 0-2: Strikes out swinging Bruce Bermudez steals 2nd base Batter strikes out.
|
|
Batting: RHB Nate Britton
|
0-0: Ball 1-0: Called Strike 1-1: Swinging Strike 1-2: Strikes out looking
|
|
Batting: RHB Ramon Castellon
|
0-0: Called Strike 0-1: Swinging Strike 0-2: Ball 1-2: Ball 2-2: Ball Wild Pitch! Jason Monico scores Bruce Bermudez to third 3-2: Strikes out swinging
|
| Bottom of the 1st over - 1 run, 2 hits, 0 errors, 1 left on base; Pulaski 3 - Greeneville 1 |
| TOP OF THE 2ND |
|
Pulaski Yankees batting - Pitching for Greeneville Astros : LHP Mark Sanders
|
|
Batting: RHB Alex Colon
|
0-0: Ball 1-0: Foul Ball, location: 2F 1-1: Swinging Strike 1-2: Fly out, F6 (Line Drive, 6, EV 74.4 MPH)
|
|
Batting: RHB Bobby Melillo
|
0-0: Called Strike 0-1: Ball 1-1: SINGLE (Groundball, 5S, EV 71.2 MPH) (infield hit)
|
|
Batting: LHB Dan Morris
|
0-0: Ball 1-0: Called Strike Bobby Melillo steals 2nd base 1-1: Foul Ball, location: 2F 1-2: Ball 2-2: SINGLE (Line Drive, 6MD, EV 94.4 MPH) Bobby Melillo to third
|
|
Pitching: RHP Jon Davis
|
|
|
Batting: LHB Joel Vera
|
0-0: Called Strike 0-1: Called Strike Dan Morris steals 2nd base 0-2: Strikes out looking
|
|
Batting: RHB Mike Gifford
|
0-0: Ball 1-0: Ball 2-0: Called Strike 2-1: Ball 3-1: SINGLE (Groundball, 56D, EV 102.5 MPH) (infield hit) Bobby Melillo scores Dan Morris to third
|
|
Batting: RHB Seth Rutz
|
0-0: Called Strike 0-1: Ball 1-1: Ball Mike Gifford steals 2nd base 2-1: Ball Passed Ball! Dan Morris scores Mike Gifford to third 3-1: Base on Balls
|
|
Batting: SHB Victor Ruiz
|
0-0: Ball 1-0: Ball 2-0: Foul Ball, location: 2F 2-1: Called Strike 2-2: Ball 3-2: 3-RUN HOME RUN (Flyball, 89XD, EV 112.5 MPH), Distance : 432 ft
|
|
Pitching: LHP Ruben Rojas
|
|
|
Batting: SHB Joe Fure
|
0-0: Ball 1-0: Called Strike 1-1: Swinging Strike 1-2: Ball 2-2: Ball 3-2: Strikes out looking
|
| Top of the 2nd over - 5 runs, 4 hits, 0 errors, 0 left on base; Pulaski 8 - Greeneville 1 |
| BOTTOM OF THE 2ND |
|
Greeneville Astros batting - Pitching for Pulaski Yankees : RHP Eric Aguilar
|
|
Batting: RHB Jorge Gutierrez
|
0-0: Foul Ball, location: 2F 0-1: Swinging Strike 0-2: Foul Ball, location: 2F 0-2: Foul Ball, location: 2F 0-2: Ball 1-2: Ball 2-2: Strikes out swinging
|
|
Batting: LHB Josh Birkner
|
0-0: Called Strike 0-1: Reached on error, E4 (Groundball, 4, EV 87.5 MPH)
|
|
Batting: LHB Jimmy Edlin
|
0-0: Called Strike 0-1: Ball 1-1: Foul Ball, location: 2F 1-2: Strikes out swinging
|
|
Batting: RHB Erik Smith
|
0-0: Foul Ball, location: 2F 0-1: Ball 1-1: Ground out 5-3 (Groundball, 56S, EV 89.4 MPH)
|
| Bottom of the 2nd over - 0 runs, 0 hits, 1 error, 1 left on base; Pulaski 8 - Greeneville 1 |
| TOP OF THE 3RD |
|
Pulaski Yankees batting - Pitching for Greeneville Astros : LHP Ruben Rojas
|
|
Batting: RHB Johannes Gutermuth
|
0-0: Ball 1-0: DOUBLE (Line Drive, 8LD, EV 111.9 MPH)
|
|
Batting: RHB Alex Colon
|
0-0: Ball 1-0: Ball Wild Pitch! Johannes Gutermuth to third 2-0: Called Strike 2-1: Ground out 6-3 (Groundball, 56, EV 91.9 MPH) Johannes Gutermuth scores
|
|
Batting: RHB Bobby Melillo
|
0-0: Ball 1-0: Ball 2-0: Ball 3-0: Base on Balls
|
|
Batting: LHB Dan Morris
|
0-0: Called Strike 0-1: Foul Ball, location: 2F 0-2: Foul Ball, location: 2F 0-2: Foul Ball, location: 2F 0-2: DOUBLE (Flyball, 7LD, EV 98.8 MPH) Bobby Melillo to third Runner from 3rd tries for Home, SAFE, throw by LF to home
|
|
Pitching: RHP James Browning
|
|
|
Batting: LHB Joel Vera
|
0-0: Called Strike 0-1: Foul Ball, location: 2F 0-2: Foul Ball, location: 2F 0-2: Foul Ball, location: 2F 0-2: Foul Ball, location: 2F 0-2: Ball 1-2: Ball 2-2: Foul Ball, location: 2F 2-2: Ball 3-2: Base on Balls
|
|
Batting: RHB Mike Gifford
|
0-0: Called Strike 0-1: Ball 1-1: Ball 2-1: Ball 3-1: Base on Balls Dan Morris to third Joel Vera to second
|
|
Batting: RHB Seth Rutz
|
0-0: Ball 1-0: Ball 2-0: Called Strike 2-1: GRAND SLAM HOME RUN (Flyball, 7D, EV 98.8 MPH), Distance : 379 ft
|
|
Pitching: RHP Calisto Morda
|
|
|
Batting: SHB Victor Ruiz
|
0-0: Ball 1-0: Ball 2-0: Ball 3-0: Base on Balls
|
|
Batting: SHB Joe Fure
|
0-0: Foul Ball, location: 2F 0-1: Foul Ball, location: 2F 0-2: Ball 1-2: SINGLE (Groundball, 25, EV 65.0 MPH) (infield hit) Victor Ruiz to second
|
|
Batting: RHB Johannes Gutermuth
|
0-0: Ball 1-0: SINGLE (Groundball, 6M, EV 109.4 MPH) (infield hit) Victor Ruiz to third Joe Fure to second
|
|
Batting: RHB Alex Colon
|
0-0: Ball 1-0: Ball 2-0: Called Strike 2-1: Ball 3-1: Base on Balls Victor Ruiz scores Joe Fure to third Johannes Gutermuth to second
|
|
Batting: RHB Bobby Melillo
|
0-0: Called Strike 0-1: Ball 1-1: Ball 2-1: SINGLE (Line Drive, 78S, EV 107.5 MPH) Joe Fure scores Johannes Gutermuth to third Alex Colon to second
|
|
Pitching: LHP Kyle Moore
|
|
|
Batting: LHB Dan Morris
|
0-0: Called Strike 0-1: Ball 1-1: Foul Ball, location: 2F 1-2: Foul Ball, location: 2F 1-2: Fielders Choice at 2nd, 4-6 (Groundball, 4S, EV 77.5 MPH) Johannes Gutermuth scores Alex Colon to third
|
|
Batting: LHB Joel Vera
|
0-0: Ball 1-0: Ball 2-0: Called Strike 2-1: Ball 3-1: Foul Ball, location: 2F 3-2: Base on Balls Dan Morris to second
|
|
Batting: RHB Mike Gifford
|
0-0: Ball 1-0: Ball 2-0: Called Strike 2-1: Ball 3-1: Base on Balls Alex Colon scores Dan Morris to third Joel Vera to second
|
|
Batting: RHB Seth Rutz
|
0-0: Called Strike 0-1: Foul Ball, location: 2F 0-2: GRAND SLAM HOME RUN (Flyball, 78XD, EV 116.2 MPH), Distance : 461 ft
|
|
Pitching: RHP Guo-ning Chen
|
|
|
Batting: SHB Victor Ruiz
|
0-0: Called Strike 0-1: Foul Ball, location: 2F 0-2: Ball 1-2: Foul Ball, location: 2F 1-2: Ball 2-2: Ball 3-2: Base on Balls
|
|
Batting: SHB Joe Fure
|
0-0: Swinging Strike 0-1: Ball 1-1: Called Strike 1-2: Ground out U3 (Groundball, 3, EV 80.6 MPH)
|
| Top of the 3rd over - 14 runs, 7 hits, 0 errors, 1 left on base; Pulaski 22 - Greeneville 1 |
| BOTTOM OF THE 3RD |
|
Greeneville Astros batting - Pitching for Pulaski Yankees : RHP Eric Aguilar
|
|
Batting: RHB Jason Monico
|
0-0: Ball 1-0: Foul Ball, location: 2F 1-1: Ball 2-1: Foul Ball, location: 2F 2-2: Reached on error, E1 (Groundball, 15S, EV 71.9 MPH)
|
|
Batting: RHB Bruce Bermudez
|
0-0: Ball 1-0: Called Strike 1-1: Called Strike 1-2: Strikes out swinging
|
|
Batting: RHB Ryan Salas
|
0-0: Called Strike 0-1: Called Strike 0-2: Strikes out looking
|
|
Batting: RHB Nate Britton
|
0-0: Ball 1-0: Called Strike 1-1: DOUBLE (Flyball, 78D, EV 103.8 MPH) Jason Monico to third
|
|
Batting: RHB Ramon Castellon
|
0-0: Ball 1-0: Ball 2-0: Called Strike 2-1: Foul Ball, location: 2F 2-2: SINGLE (Line Drive, 8LS, EV 107.5 MPH) Jason Monico scores Nate Britton to third
|
|
Batting: RHB Jorge Gutierrez
|
0-0: Foul Ball, location: 2F 0-1: Ball 1-1: Foul Ball, location: 2F 1-2: Ball 2-2: Strikes out looking
|
| Bottom of the 3rd over - 1 run, 2 hits, 1 error, 2 left on base; Pulaski 22 - Greeneville 2 |
| TOP OF THE 4TH |
|
Pulaski Yankees batting - Pitching for Greeneville Astros : RHP Guo-ning Chen
|
|
Batting: RHB Johannes Gutermuth
|
0-0: Called Strike 0-1: TRIPLE (Flyball, 78XD, EV 87.5 MPH)
|
|
Batting: RHB Alex Colon
|
0-0: Ball 1-0: Ball 2-0: Called Strike 2-1: Called Strike 2-2: Ground out 4-3 (Groundball, 4, EV 100.6 MPH) Johannes Gutermuth scores
|
|
Pitching: RHP Josh Willig
|
|
|
Batting: RHB Bobby Melillo
|
0-0: Ball 1-0: Swinging Strike 1-1: Ball 2-1: Ball 3-1: Called Strike 3-2: Base on Balls
|
|
Batting: LHB Dan Morris
|
0-0: Ball 1-0: Fielders Choice at 2nd, 4-6 (Groundball, 34, EV 83.1 MPH)
|
|
Batting: LHB Joel Vera
|
0-0: Foul Ball, location: 2F 0-1: Ball 1-1: Called Strike 1-2: Strikes out swinging
|
| Top of the 4th over - 1 run, 1 hit, 0 errors, 1 left on base; Pulaski 23 - Greeneville 2 |
| BOTTOM OF THE 4TH |
|
Greeneville Astros batting - Pitching for Pulaski Yankees : RHP Eric Aguilar
|
|
Batting: LHB Josh Birkner
|
0-0: Swinging Strike 0-1: Swinging Strike 0-2: Ball 1-2: Strikes out swinging
|
|
Batting: LHB Jimmy Edlin
|
0-0: Foul Ball, location: 2F 0-1: Swinging Strike 0-2: SINGLE (Groundball, 6D, EV 98.1 MPH)
|
|
Batting: RHB Erik Smith
|
0-0: Swinging Strike 0-1: Fly out, F7 (Flyball, 78D, EV 90.0 MPH)
|
|
Batting: RHB Jason Monico
|
0-0: Ball 1-0: Called Strike 1-1: Ball 2-1: Ball 3-1: Foul Ball, location: 2F 3-2: Base on Balls Jimmy Edlin to second
|
|
Batting: RHB Bruce Bermudez
|
0-0: Called Strike 0-1: Ball 1-1: Fly out, F9 (Line Drive, 9S, EV 101.2 MPH)
|
| Bottom of the 4th over - 0 runs, 1 hit, 0 errors, 2 left on base; Pulaski 23 - Greeneville 2 |
| TOP OF THE 5TH |
|
Pulaski Yankees batting - Pitching for Greeneville Astros : RHP Josh Willig
|
|
Batting: RHB Mike Gifford
|
0-0: Called Strike 0-1: Foul Ball, location: 2F 0-2: Ball 1-2: Foul Ball, location: 2F 1-2: Ball 2-2: Reached on error, E4 (Groundball, 4, EV 105.6 MPH)
|
|
Batting: RHB Seth Rutz
|
0-0: Ball 1-0: Ball 2-0: Ball 3-0: Base on Balls Mike Gifford to second
|
|
Batting: SHB Victor Ruiz
|
0-0: Foul Ball, location: 2F 0-1: Ball 1-1: Ball 2-1: Ball 3-1: Base on Balls Mike Gifford to third Seth Rutz to second
|
|
Pitching: RHP Alexander Hagan
|
|
|
Batting: SHB Joe Fure
|
0-0: Ball 1-0: Ball 2-0: Swinging Strike 2-1: Foul Ball, location: 2F 2-2: SINGLE (Line Drive, 7S, EV 91.9 MPH) Mike Gifford scores Seth Rutz to third Victor Ruiz to second
|
|
Batting: RHB Johannes Gutermuth
|
0-0: Foul Ball, location: 2F 0-1: Foul Ball, location: 2F 0-2: DOUBLE (Line Drive, 5D, EV 101.2 MPH) Seth Rutz scores Victor Ruiz scores Joe Fure to third
|
|
Batting: RHB Alex Colon
|
0-0: Ball 1-0: Ground out U3 (Groundball, 23, EV 87.5 MPH)
|
|
Batting: RHB Bobby Melillo
|
0-0: Ball 1-0: Ball 2-0: Swinging Strike 2-1: SINGLE (Flyball, 8LS, EV 85.6 MPH) Joe Fure scores Johannes Gutermuth to third
|
|
Batting: LHB Dan Morris
|
0-0: Called Strike 0-1: Foul Ball, location: 2F 0-2: Ball 1-2: Ball Wild Pitch! Johannes Gutermuth scores Bobby Melillo to second 2-2: Ball 3-2: Base on Balls
|
|
Pitching: RHP Jaquan Alston
|
|
|
Batting: LHB Joel Vera
|
0-0: Swinging Strike 0-1: Called Strike 0-2: Ball 1-2: Ball 2-2: Fly out, F8 (Flyball, 8RM, EV 87.5 MPH)
|
|
Batting: RHB Mike Gifford
|
0-0: Ball 1-0: Swinging Strike 1-1: Ball Passed Ball! Bobby Melillo to third Dan Morris to second 2-1: Ground out 6-3 (Groundball, 6, EV 85.0 MPH)
|
| Top of the 5th over - 5 runs, 3 hits, 1 error, 2 left on base; Pulaski 28 - Greeneville 2 |
| BOTTOM OF THE 5TH |
|
Greeneville Astros batting - Pitching for Pulaski Yankees : RHP Eric Aguilar
|
|
Batting: RHB Ryan Salas
|
0-0: Called Strike 0-1: Foul Ball, location: 2F 0-2: Foul Ball, location: 2F 0-2: SINGLE (Line Drive, 89S, EV 92.5 MPH)
|
|
Batting: RHB Nate Britton
|
0-0: Ball 1-0: Ball 2-0: Foul Ball, location: 2F 2-1: Ball 3-1: Base on Balls Ryan Salas to second
|
|
Batting: RHB Ramon Castellon
|
0-0: Ball 1-0: Called Strike 1-1: Called Strike 1-2: Fielders Choice at 3rd, U5 (Groundball, 5L, EV 89.4 MPH) Nate Britton to second
|
|
Batting: RHB Jorge Gutierrez
|
0-0: Called Strike 0-1: Ball 1-1: Called Strike 1-2: Foul Ball, location: 2F 1-2: Foul Ball, location: 2F 1-2: Foul Ball, location: 2F 1-2: SINGLE (Groundball, 6MD, EV 96.9 MPH) Nate Britton to third Ramon Castellon to second
|
|
Batting: LHB Josh Birkner
|
0-0: SINGLE (Line Drive, 5D, EV 96.2 MPH) Nate Britton scores Ramon Castellon to third Jorge Gutierrez to second
|
|
Pitching: RHP Bill Kaiser
|
|
|
Batting: LHB Jimmy Edlin
|
0-0: Foul Ball, location: 2F 0-1: Foul Ball, location: 2F 0-2: Strikes out swinging
|
|
Batting: RHB Erik Smith
|
0-0: Called Strike 0-1: Called Strike 0-2: Strikes out swinging
|
| Bottom of the 5th over - 1 run, 3 hits, 0 errors, 3 left on base; Pulaski 28 - Greeneville 3 |
| TOP OF THE 6TH |
|
Pulaski Yankees batting - Pitching for Greeneville Astros : RHP Jaquan Alston
|
|
Batting: RHB Seth Rutz
|
0-0: Ball 1-0: Ball 2-0: Ball 3-0: Base on Balls
|
|
Batting: SHB Victor Ruiz
|
0-0: Foul Ball, location: 2F 0-1: Swinging Strike 0-2: Ball 1-2: Ball 2-2: Foul Ball, location: 2F 2-2: Strikes out swinging
|
|
Pitching: RHP Oscar Andrade
|
|
|
Batting: SHB Joe Fure
|
0-0: Called Strike 0-1: Ball 1-1: Ball 2-1: Ball 3-1: Base on Balls Seth Rutz to second
|
|
Batting: RHB Johannes Gutermuth
|
0-0: Foul Ball, location: 2F 0-1: Ball 1-1: Ball 2-1: Ball 3-1: SINGLE (Groundball, 4S, EV 66.9 MPH) (infield hit) Seth Rutz to third Joe Fure to second
|
|
Batting: RHB Alex Colon
|
0-0: Swinging Strike 0-1: Foul Ball, location: 2F 0-2: Ball 1-2: Strikes out swinging
|
|
Batting: RHB Bobby Melillo
|
0-0: Ball 1-0: Called Strike 1-1: Ground out 4-3 (Groundball, 34, EV 106.2 MPH)
|
| Top of the 6th over - 0 runs, 1 hit, 0 errors, 3 left on base; Pulaski 28 - Greeneville 3 |
| BOTTOM OF THE 6TH |
|
Greeneville Astros batting - Pitching for Pulaski Yankees : RHP Bill Kaiser
|
|
Batting: RHB Jason Monico
|
0-0: Ball 1-0: Ball 2-0: Foul Ball, location: 2F 2-1: Called Strike 2-2: Ball 3-2: Strikes out looking
|
|
Batting: RHB Bruce Bermudez
|
0-0: Called Strike 0-1: Called Strike 0-2: Ball 1-2: Strikes out swinging
|
|
Batting: RHB Ryan Salas
|
0-0: Called Strike 0-1: Ball 1-1: Called Strike 1-2: Strikes out swinging
|
| Bottom of the 6th over - 0 runs, 0 hits, 0 errors, 0 left on base; Pulaski 28 - Greeneville 3 |
| TOP OF THE 7TH |
|
Pulaski Yankees batting - Pitching for Greeneville Astros : RHP Oscar Andrade
|
|
Batting: LHB Dan Morris
|
0-0: Ball 1-0: Foul Ball, location: 2F 1-1: Foul Ball, location: 2F 1-2: Strikes out swinging
|
|
Batting: LHB Joel Vera
|
0-0: Ball 1-0: Ball 2-0: Foul Ball, location: 2F 2-1: Ball 3-1: Swinging Strike 3-2: Foul Ball, location: 2F 3-2: Base on Balls
|
|
Batting: RHB Mike Gifford
|
0-0: Ball 1-0: Called Strike 1-1: Hit by Pitch Joel Vera to second
|
|
Batting: RHB Seth Rutz
|
0-0: Ball Passed Ball! Joel Vera to third Mike Gifford to second 1-0: Called Strike 1-1: Foul Ball, location: 2F 1-2: Hit by Pitch
|
|
Batting: SHB Victor Ruiz
|
0-0: Ball 1-0: Called Strike 1-1: Foul Ball, location: 2F 1-2: Fly out, F8 (Line Drive, 8LM, EV 103.8 MPH)
|
|
Batting: SHB Joe Fure
|
0-0: Foul Ball, location: 2F 0-1: Ball 1-1: Called Strike 1-2: Foul Ball, location: 2F 1-2: Ball 2-2: Ball 3-2: Foul Ball, location: 2F 3-2: Fly out, F9 (Flyball, 9S, EV 80.6 MPH)
|
| Top of the 7th over - 0 runs, 0 hits, 0 errors, 3 left on base; Pulaski 28 - Greeneville 3 |
| BOTTOM OF THE 7TH |
|
Greeneville Astros batting - Pitching for Pulaski Yankees : RHP Bill Kaiser
|
|
Batting: RHB Nate Britton
|
0-0: Foul Ball, location: 2F 0-1: Ball 1-1: Swinging Strike 1-2: Ball 2-2: Fly out, F9 (Line Drive, 89S, EV 92.5 MPH)
|
|
Batting: RHB Ramon Castellon
|
0-0: Ball 1-0: Called Strike 1-1: Foul Ball, location: 2F 1-2: Strikes out looking
|
|
Batting: RHB Jorge Gutierrez
|
0-0: Called Strike 0-1: Called Strike 0-2: Strikes out swinging
|
| Bottom of the 7th over - 0 runs, 0 hits, 0 errors, 0 left on base; Pulaski 28 - Greeneville 3 |
| TOP OF THE 8TH |
|
Pulaski Yankees batting - Pitching for Greeneville Astros : RHP Oscar Andrade
|
|
Batting: RHB Johannes Gutermuth
|
0-0: Ball 1-0: Ball 2-0: Ball 3-0: Base on Balls
|
|
Batting: RHB Alex Colon
|
0-0: Ball 1-0: Swinging Strike 1-1: Foul Ball, location: 2F 1-2: Foul Ball, location: 2F 1-2: Strikes out swinging
|
|
Pinch Hitting: RHB John Sabean
|
0-0: Called Strike 0-1: Foul Ball, location: 2F 0-2: Ball 1-2: Foul Ball, location: 2F 1-2: DOUBLE (Line Drive, 9LS, EV 90.6 MPH) Johannes Gutermuth to third
|
|
Batting: LHB Dan Morris
|
0-0: Foul Ball, location: 2F 0-1: Ball 1-1: Ball 2-1: Ball 3-1: Base on Balls
|
|
Batting: LHB Joel Vera
|
0-0: Ball Wild Pitch! Johannes Gutermuth scores John Sabean to third Dan Morris to second 1-0: Foul Ball, location: 2F 1-1: Ball 2-1: Swinging Strike 2-2: Ground out 3-1 (Groundball, 34, EV 98.8 MPH) John Sabean scores Dan Morris to third
|
|
Batting: RHB Mike Gifford
|
0-0: Ball 1-0: Foul Ball, location: 2F 1-1: SINGLE (Flyball, 34D, EV 93.1 MPH) Dan Morris scores
|
|
Batting: RHB Seth Rutz
|
0-0: Called Strike 0-1: Ball 1-1: Ball 2-1: Called Strike 2-2: Ball 3-2: Foul Ball, location: 2F 3-2: Base on Balls Mike Gifford to second
|
|
Batting: SHB Victor Ruiz
|
0-0: Hit by Pitch Mike Gifford to third Seth Rutz to second
|
|
Batting: SHB Joe Fure
|
0-0: Called Strike 0-1: Fly out, F7 (Flyball, 78M, EV 90.0 MPH)
|
| Top of the 8th over - 3 runs, 2 hits, 0 errors, 3 left on base; Pulaski 31 - Greeneville 3 |
| BOTTOM OF THE 8TH |
|
Greeneville Astros batting - Pitching for Pulaski Yankees : RHP Bill Kaiser
|
|
Pitching: RHP Bobby Savoy
|
|
|
Now at 1B: Eddie Trebelhorn
|
|
|
Batting: LHB Josh Birkner
|
0-0: Foul Ball, location: 2F 0-1: Ball 1-1: Called Strike 1-2: Ball 2-2: Ball 3-2: Base on Balls
|
|
Batting: LHB Jimmy Edlin
|
0-0: Called Strike 0-1: Swinging Strike 0-2: Foul Ball, location: 2F 0-2: Ball 1-2: Ball 2-2: Ball 3-2: Fly out, F8 (Flyball, 8LD, EV 89.4 MPH)
|
|
Batting: RHB Erik Smith
|
0-0: Ball 1-0: TRIPLE (Line Drive, 78XD, EV 109.4 MPH) Josh Birkner scores
|
|
Batting: RHB Jason Monico
|
0-0: Ball 1-0: SINGLE (Line Drive, 89S, EV 103.1 MPH) Erik Smith scores
|
|
Batting: RHB Bruce Bermudez
|
0-0: Hit by Pitch Jason Monico to second
|
|
Batting: RHB Ryan Salas
|
0-0: Ball 1-0: Called Strike 1-1: Ball 2-1: Ball Wild Pitch! Jason Monico to third Bruce Bermudez to second 3-1: Swinging Strike 3-2: Strikes out swinging
|
|
Batting: RHB Nate Britton
|
0-0: Ball 1-0: Called Strike 1-1: Foul Ball, location: 2F 1-2: Strikes out swinging
|
| Bottom of the 8th over - 2 runs, 2 hits, 0 errors, 2 left on base; Pulaski 31 - Greeneville 5 |
| TOP OF THE 9TH |
|
Pulaski Yankees batting - Pitching for Greeneville Astros : RHP Oscar Andrade
|
|
Batting: RHB Johannes Gutermuth
|
0-0: Ball 1-0: Called Strike 1-1: Fly out, F9 (Flyball, 9, EV 83.1 MPH)
|
|
Batting: RHB Alex Colon
|
0-0: Called Strike 0-1: Foul Ball, location: 2F 0-2: Ball 1-2: Ball 2-2: Foul Ball, location: 2F 2-2: Strikes out swinging
|
|
Batting: SHB Eddie Trebelhorn
|
0-0: Ball 1-0: Ball 2-0: Called Strike 2-1: Foul Ball, location: 2F 2-2: Ball 3-2: Base on Balls
|
|
Batting: LHB Dan Morris
|
0-0: Called Strike 0-1: Ground out 4-3 (Groundball, 4, EV 83.1 MPH)
|
| Top of the 9th over - 0 runs, 0 hits, 0 errors, 1 left on base; Pulaski 31 - Greeneville 5 |
| BOTTOM OF THE 9TH |
|
Greeneville Astros batting - Pitching for Pulaski Yankees : RHP Bobby Savoy
|
|
Batting: RHB Ramon Castellon
|
0-0: Fly out, F8 (Flyball, 8LXD, EV 100.0 MPH)
|
|
Batting: RHB Jorge Gutierrez
|
0-0: Ball 1-0: Ball 2-0: Swinging Strike 2-1: Swinging Strike 2-2: Strikes out swinging
|
|
Batting: LHB Josh Birkner
|
0-0: Hit by Pitch
|
|
Batting: LHB Jimmy Edlin
|
0-0: Swinging Strike 0-1: Called Strike 0-2: Strikes out swinging
|
| Bottom of the 9th over - 0 runs, 0 hits, 0 errors, 1 left on base; Pulaski 31 - Greeneville 5 |
|